 Dungeon Crawl Stone Soup version 0.29-a0-19-gef7f3e67aa (webtiles) character file.

Game seed: 15791945516556768340

982 Grim the Spear-Bearer (level 7, -8/85 HPs)
             Began as a Minotaur Berserker on Jan 29, 2022.
             Was a Priest of Trog.
             Mangled by an ogre (20 damage)
             ... on level 6 of the Dungeon.
             The game lasted 00:06:19 (5011 turns).

Grim the Spear-Bearer (Minotaur Berserker)          Turns: 5011, Time: 00:06:20

Health: -8/85      AC: 11    Str: 22    XL:     7   Next: 96%
Magic:  6/6        EV:  8    Int:  6    God:    Trog [***...]
Gold:   221        SH:  0    Dex:  9    Spells: 6/6 levels left

rFire   . . .      SeeInvis .   a - +0 spear
rCold   . . .      Faith    .   (no shield)
rNeg    . . .      Spirit   .   A - +0 chain mail
rPois   .          Reflect  .   (helmet restricted)
rElec   .          Harm     .   s - +0 cloak
rCorr   .          Rampage  .   (no gloves)
Will    .....                   c - +0 pair of boots
Stlth   ..........              (no amulet)
HPRegen 0.24/turn               (no ring)
MPRegen 0.10/turn               (no ring)

@: berserking (expiring), lethally poisoned (-8 -> -12), very quick
A: horns 2, retaliatory headbutt
a: Renounce Religion, Berserk, Trog's Hand


You were on level 6 of the Dungeon.
You worshipped Trog.
Trog was most pleased with you.
You visited 1 branch of the dungeon, and saw 6 of its levels.

You collected 221 gold pieces.

Inventory:

Hand Weapons
 a - a +0 spear (weapon)
Missiles
 m - 19 poisoned darts (quivered)
 n - 132 stones
Armour
 c - a +0 pair of boots (worn)
 s - a +0 cloak (worn)
 A - a +0 chain mail (worn)
Jewellery
 l - a +6 ring of intelligence
 t - a +6 ring of strength
Scrolls
 b - 7 scrolls of identify {unknown}
 g - a scroll of brand weapon {unknown}
 k - 4 scrolls of immolation {unknown}
 o - 3 scrolls of teleportation {unknown}
 p - a scroll of noise {unknown}
 u - a scroll of enchant armour {unknown}
 w - a scroll of magic mapping {unknown}
 y - a scroll of fog {unknown}
 z - a scroll of amnesia {unknown}
Potions
 d - 2 potions of attraction
 e - a potion of lignification {unknown}
 f - a potion of mutation {unknown}
 h - a potion of resistance {unknown}
 i - a potion of haste
 j - a potion of invisibility {unknown}
 r - a potion of degeneration {unknown}
 v - a potion of curing {unknown}
 x - a potion of magic {unknown}


   Skills:
 - Level 3.6 Fighting
 + Level 11.5 Polearms
 - Level 2.4 Armour
 - Level 2.1 Dodging


You had 6 spell levels left.
You didn't know any spells.
Your spell library was empty.

Dungeon Overview and Level Annotations

Branches:
Dungeon (6/15)
 Temple: D:4-7

Altars:
Qazlal
Uskayaw
Zin

Shops:
D:3 (   D:4 =*[(?   D:5 !


Innate Abilities, Weirdness & Mutations

You have a pair of horns on your head.
You reflexively headbutt those who attack you in melee.


Message History

You recover from your berserk rage.
The scorpion is attracted toward you. The ogre is attracted toward you.
The scorpion is attracted toward you. The scorpion is attracted toward you.
The scorpion is attracted toward you. The ogre is attracted toward you.
Your extra speed is starting to run out.
The ogre is attracted toward you. The scorpion is attracted toward you.
The ogre is attracted toward you.
You feel less attractive to monsters.
You feel yourself slow down. The scorpion stings you.
* * * LOW HITPOINT WARNING * * *
You are poisoned.
The scorpion poisons you!
A red film seems to cover your vision as you go berserk!
You feel yourself moving faster!
You feel mighty!
You feel very sick.
The scorpion stings you but does no damage.
You barely miss the scorpion. You headbutt the scorpion!
The scorpion is heavily wounded.
You feel sick.
You hit the scorpion.
The scorpion is almost dead.
You feel sick. The scorpion barely misses you.
You closely miss the scorpion. Your headbutt misses the scorpion.
The scorpion is almost dead.
You feel sick.
You barely miss the scorpion.
The scorpion is almost dead.
The scorpion stings you but does no damage.
You closely miss the scorpion.
The scorpion is almost dead.
You feel sick.
You puncture the scorpion!
You kill the scorpion!
Trog accepts your kill.
You feel sick.
The ogre hits you with a +0 giant club!!
You die...

#...#.........
#####...#.........
#....O..'.........
#.###...####......
#.# #...# .....#
#.# ####### .....#
#.# #....# .....#
#.# #....# ######
#@# #....# #O#
##....# #.#
#.....# #.#
#.....#
#.###.....#
#.........#
#.........#
#.........########
##...............#


You could see an ogre.

Vanquished Creatures
  An ice beast (D:6)
  2 ogres
  A phantom (D:6)
  Blork the orc (D:5)
  A scorpion (D:6)
  A wyvern skeleton (D:5)
  A bullfrog zombie (D:6)
  2 hounds
  Crazy Yiuf (D:3)
  A centaur skeleton (D:6)
  An iguana (D:5)
  2 orc wizards (D:4)
  A hound skeleton (D:4)
  A howler monkey zombie (D:5)
  14 adders
  An ufetubus (D:4)
  6 dart slugs
  An orc (D:4)
  5 ball pythons
  6 endoplasms
  3 giant cockroaches (D:1)
  7 hobgoblins
  6 jackals (D:1)
  2 quokkas
  6 bats
  7 frilled lizards
  7 goblins
  7 kobolds
  A quokka skeleton (D:4)
  2 rats
98 creatures vanquished.

Vanquished Creatures (others)
  2 fungi (D:1)
  5 plants
7 creatures vanquished.

Grand Total: 105 creatures vanquished

Notes
Turn   | Place    | Note
-------+----------+-------------------------------------------
     0 | D:1      | Grim the Minotaur Berserker began the quest for the Orb.
     0 | D:1      | Reached XP level 1. HP: 19/19 MP: 0/0
   234 | D:1      | Reached skill level 4 in Polearms
   324 | D:1      | Reached XP level 2. HP: 26/26 MP: 1/1
   485 | D:1      | Found a faded altar of an unknown god.
   552 | D:1      | Reached skill level 5 in Polearms
   785 | D:1      | Reached XP level 3. HP: 31/31 MP: 2/2
   970 | D:1      | Reached ** piety under Trog
  1268 | D:2      | Reached skill level 6 in Polearms
  1268 | D:2      | Reached XP level 4. HP: 39/39 MP: 3/3
  2379 | D:3      | Found a large runed translucent door.
  2380 | D:3      | Found a large runed translucent door.
  2468 | D:3      | Noticed a +0 short sword
  2468 | D:3      | Noticed a +0 falchion
  2470 | D:3      | Noticed a +0 spear
  2470 | D:3      | Noticed a +0 dagger
  2471 | D:3      | Noticed a +0 dagger
  2472 | D:3      | Noticed a +0 short sword
  2472 | D:3      | Noticed a +0 falchion
  2473 | D:3      | Noticed a +0 spear
  2476 | D:3      | Found a hide-covered altar of Uskayaw.
  2528 | D:3      | Reached XP level 5. HP: 41/45 MP: 4/4
  2594 | D:3      | Reached skill level 7 in Polearms
  2693 | D:3      | Reached *** piety under Trog
  2704 | D:3      | Found Feurhy's Weapon Boutique.
  2704 | D:3      | Noticed an ogre
  2709 | D:3      | Killed an ogre
  2710 | D:3      | Reached skill level 8 in Polearms
  2915 | D:3      | Found a runed translucent door.
  2916 | D:3      | Noticed Crazy Yiuf
  3089 | D:3      | Found a stormy altar of Qazlal.
  3096 | D:3      | Found a glowing silver altar of Zin.
  3160 | D:3      | Killed Crazy Yiuf
  3161 | D:3      | Reached XP level 6. HP: 51/51 MP: 5/5
  3437 | D:4      | Found Pioh's Weapon Emporium.
  3439 | D:4      | Found Masibis's Magic Scroll Emporium.
  3443 | D:4      | Found Cuon's Armour Emporium.
  3448 | D:4      | Found Afistru's Jewellery Emporium.
  3640 | D:4      | Found Rugah's Assorted Antiques.
  3675 | D:4      | Reached skill level 9 in Polearms
  4001 | D:5      | Entered Level 5 of the Dungeon
  4139 | D:5      | Found Agi Une's Distillery.
  4189 | D:5      | Noticed Blork the orc
  4200 | D:5      | Killed Blork the orc
  4201 | D:5      | Reached XP level 7. HP: 52/57 MP: 6/6
  4202 | D:5      | Reached skill level 10 in Polearms
  4923 | D:6      | Reached skill level 11 in Polearms
  5011 | D:6      | Mangled by an ogre

Illustrated notes

Levels and vault maps discovered:
D:1:      nicolae_arrival_somewhat_less_tricky_arrival, layout_basic,
          shapermc_ecumenical_altar_mp_urbaneastern, minmay_cupped
D:2:      layout_basic, fountainhead, hangedman_feature_mirror,
          serial_bayou_crossing
D:3:      layout_basic, jmf_multi_god_temple2, nicolae_uskayaw_en_pointe,
          serial_shops, nicolae_shop_bloodbath_and_beyond,
          kennysheep_generic_room_14, uniq_crazy_yiuf_cottage
D:4:      layout_cave_pools, serial_shops, shop, minmay_shop_grid_forest,
          roderic_serpentine_path, serial_bayou_lagoon_a
D:5:      layout_rooms, serial_shops, shop, uniq_blork_the_orc
D:6:      minmay_evil_eye, layout_basic, minmay_temple_entry_waves

Skill      XL: |  1  2  3  4  5  6  7 |
---------------+----------------------+-----
Polearms       | 4 5 6 8 9 11 | 11.5
Fighting       | |  3.6
Armour         | |  2.4
Dodging        | |  2.1

Action                   |  1- 3 |  4- 6 |  7- 9 || total
-------------------------+-------+-------+-------++-------
Melee: Spear             |    95 |   168 |    56 ||   319
       Headbutt          |    12 |    19 |     8 ||    39
       Punch             |       |     2 |     1 ||     3
Throw: Dart              |       |     4 |       ||     4
Invok: Berserk           |     1 |     4 |     2 ||     7
       Trog's Hand       |       |     1 |       ||     1
  Use: Potion            |       |       |     2 ||     2
 Stab: Sleeping          |     1 |     2 |       ||     3
Armor: Animal skin       |    13 |     2 |       ||    15
       Ring mail         |       |    25 |       ||    25
       Chain mail        |       |       |    17 ||    17
Dodge: Dodged            |    32 |    56 |    11 ||    99

Table legend: (Time is in decaauts)
 A = Elapsed time spent in this place.
 B = Non-inter-level travel time spent in this place.
 C = Inter-level travel time spent in this place.
 D = Time resting spent in this place.
 E = Time spent auto-exploring this place.
 F = Levels seen in this place.
 G = Mean time per level.
                   A        B        C        D        E       F      G
               +--------+--------+--------+--------+--------+-----+--------+
         Total |   4981 |   4874 |    107 |    737 |   3465 |   6 |  830.2 |
       Dungeon |   4981 |   4874 |    107 |    737 |   3465 |   6 |  830.2 |
               +--------+--------+--------+--------+--------+-----+--------+

Top non-repeatable levels by time:
     D:3: 1119 daAuts
     D:1: 1098 daAuts
     D:2: 1058 daAuts
     D:5: 796 daAuts
     D:4: 724 daAuts
     D:6: 184 daAuts
